 Dungeon Crawl Stone Soup version 0.29.0-15-g675c0067aa (webtiles) character file.

Game seed: 13468845049630314309

20 writerjack the Chopper (level 2, -1/27 HPs)
             Began as a Minotaur Berserker on Sept 12, 2022.
             Was a Follower of Trog.
             Slain by a kobold
             ... wielding a +0 dagger
              (4 damage)
             ... on level 1 of the Dungeon.
             The game lasted 00:00:34 (125 turns).

writerjack the Chopper (Minotaur Berserker)          Turns: 125, Time: 00:00:35

Health: -1/27      AC:  2    Str: 21    XL:     2   Next: 58%
Magic:  1/1        EV: 12    Int:  4    God:    Trog [*.....]
Gold:   27         SH:  0    Dex:  9    Spells: 1/1 levels left

rFire   . . .      SeeInvis .   a - +0 hand axe
rCold   . . .      Faith    .   (no shield)
rNeg    . . .      Spirit   .   b - +0 animal skin
rPois   .          Reflect  .   (helmet restricted)
rElec   .          Harm     .   (no cloak)
rCorr   .          Rampage  .   (no gloves)
Will    .....                   (no boots)
Stlth   +.........              (no amulet)
HPRegen 0.09/turn               (no ring)
MPRegen 0.07/turn               (no ring)

@: no status effects
A: horns 2, retaliatory headbutt
a: Renounce Religion, Berserk


You were on level 1 of the Dungeon.
You worshipped Trog.
Trog was aware of your devotion.
You visited 1 branch of the dungeon, and saw 1 of its levels.

You collected 27 gold pieces.

Inventory:

Hand Weapons
 a - a +0 hand axe (weapon)
Armour
 b - a +0 animal skin (worn)
Scrolls
 c - a scroll of brand weapon {unknown}
 d - a scroll of identify {unknown}
 f - a scroll of magic mapping {unknown}
Potions
 e - a potion of mutation {unknown}


   Skills:
 - Level 3.8 Fighting
 * Level 4.3 Axes
 - Level 2.6 Armour
 - Level 2.4 Dodging


You had one spell level left.
You didn't know any spells.
Your spell library was empty.

Dungeon Overview and Level Annotations

Branches:
Dungeon (1/15)

Altars:


Innate Abilities, Weirdness & Mutations

You have a pair of horns on your head.
You reflexively headbutt those who attack you in melee.


Message History

You hit the gnoll.
The gnoll is lightly wounded.
The gnoll hits you with a +0 club.
You barely miss the gnoll.
You headbutt the gnoll, but do no damage.
The gnoll is lightly wounded.
The gnoll hits you with a +0 club.
You hit the gnoll.
The gnoll is moderately wounded.
You hit the endoplasm but do no damage. The endoplasm freezes you.
You are frozen.
The gnoll hits you with a +0 club.
You closely miss the gnoll. You headbutt the gnoll!
You kill the gnoll!
Trog accepts your kill.
You hit the endoplasm but do no damage. The endoplasm freezes you.
You are frozen.
* * * LOW HITPOINT WARNING * * *
Your Axes skill increases to level 4!
You hit the endoplasm but do no damage. The endoplasm freezes you.
You are frozen.
* * * LOW HITPOINT WARNING * * *
You hit the endoplasm.
You kill the endoplasm!
Trog accepts your kill.
Things that are here:
a +0 club; a gnoll corpse You see here a bat corpse.
f - a scroll labelled DEHYRE COCWEI A kobold comes into view.
It is wielding a +0 dagger.
You see here 8 gold pieces.
The kobold throws a stone.
The stone barely misses you.
You see here 8 gold pieces.
The kobold throws a stone.
The stone hits you but does no damage. The kobold hits you with a +0 dagger.
* * * LOW HITPOINT WARNING * * *
You barely miss the kobold. The kobold hits you with a +0 dagger.
You die...

#..............#
#..............#
#.#............#
#......†)......#
+.#............#
#....#######..##
#........... .#
#.##.#######
#...$.@K..#
#.......#.#
#...........
#.##......## ...
......... ...
...#..#.##. ####
...######......
# ...# ...
.....## ...##


You could see a kobold.

Vanquished Creatures
  A gnoll (D:1)
  An endoplasm (D:1)
  2 goblins (D:1)
  A hobgoblin (D:1)
  2 jackals (D:1)
  A kobold (D:1)
  A bat (D:1)
9 creatures vanquished.

Notes
Turn   | Place    | Note
-------+----------+-------------------------------------------
     0 | D:1      | writerjack the Minotaur Berserker began the quest for the
                  | Orb.
     0 | D:1      | Reached XP level 1. HP: 19/19 MP: 0/0
    17 | D:1      | Noticed an iguana
    17 | D:1      | Noticed a rime drake
    18 | D:1      | Noticed a scorpion
    18 | D:1      | Noticed a water moccasin
    54 | D:1      | Reached XP level 2. HP: 24/27 MP: 1/1
   108 | D:1      | Reached skill level 4 in Axes
   125 | D:1      | Slain by a kobold

Illustrated notes

Levels and vault maps discovered:
D:1:      onia_arrival_zoo_common, layout_basic, basic_ecumenical_altar,
          minmay_misc_feat_nine_boxes, minmay_door_square

Skill      XL: |  1  2 |
---------------+-------+-----
Axes           | 4 |  4.3
Fighting       | |  3.8
Armour         | |  2.6
Dodging        | |  2.4

Action                   || total
-------------------------++-------
Melee: Hand axe          ||    15
       Headbutt          ||     3
Armor: Animal skin       ||     1
Dodge: Dodged            ||     8
